Map: 버밀리언의 특종

Players

펜타네스트

  • Race: Zerg Zerg

펜타네스트

  • Race: Terran Terran
  • Spawn Location: 11:00

VOD

Have the link to the VOD?

Description

Time

  • Played on: March 6, 2018, 1:15 p.m.
  • Length: 22:25
Show
View Real Time Build Order
Export as new Build Order

펜타네스트 Zerg 

Build Orders:  

Get SALT Encoding   

  18  0:03  Primal Drone  
  19  0:11  Primal Drone  
  19  0:18  Primal Drone  
  21  0:25  Primal Drone  
  22  0:33  Primal Drone  
  22  0:39  Extractor  
  23  1:01  Primal Warden  
  23  1:08  Extractor  
  24  1:12  Primal Drone  
  24  1:18  Primal Drone  
  26  1:24  Primal Drone  
  27  1:46  Primal Drone  
  28  1:55  Primal Drone  
  29  2:04  Glevig's Den  
  29  2:09  Primal Drone  
  29  2:24  Primal Zergling  
  29  2:25  Primal Zergling  
  31  2:39  Primal Drone  
  32  2:53  Primal Drone  
  33  3:12  Primal Drone  
  34  3:24  Primal Hive  
  39  3:39  Primal Drone x2  
  40  3:51  Murvar's Den  
  39  4:05  Primal Drone x2  
  41  4:20  Primal Drone  
  42  4:36  Primal Drone  
  44  5:01  Primal Drone  
  45  5:13  Primal Drone  
  47  5:20  Primal Warden  
  47  5:23  Primal Hive  
  47  5:26  Extractor x2  
  47  5:29  Primal Drone  
  48  5:30  Primal Drone x4  
  48  5:32  Primal Warden  
  52  5:46  Primal Drone x2  
  52  5:49  Primal Warden  
  54  6:08  Dakrun's Den  
  53  6:17  Primal Drone x2  
  55  6:39  Primal Drone x4  
  59  6:42  Primal Reconstitution  
  59  6:53  Primal Hydralisk x2  
  63  7:01  Primal Hydralisk  
  65  7:14  Primal Hydralisk x2  
  69  7:22  Primal Hydralisk, Primal Mutalisk  
  69  7:23  Primal Hydralisk  
  72  7:34  Primal Hydralisk x2  
  76  7:52  Primal Hydralisk x3  
  82  8:10  Primal Hydralisk x2  
  82  8:12  Slicing Glave, Primal Hydralisk  
  82  8:16  Primal Mutalisk x3  
  85  8:22  Primal Hydralisk x2  
  89  8:46  Primal Mutalisk x3  
  89  8:47  Primal Attacks Level 1  
  89  8:48  Primal Hydralisk x3  
  92  8:59  Primal Hydralisk  
  94  9:00  Primal Hydralisk  
  94  9:01  Primal Mutalisk  
  95  9:13  Primal Hydralisk x2  
  95  9:16  Primal Mutalisk  
  98  9:23  Primal Hydralisk x2  
  98  9:27  Primal Drone  
  103  9:30  Primal Mutalisk x2  
  101  9:54  Primal Hydralisk x2  
  101  9:55  Primal Hydralisk  
  107  10:06  Primal Hydralisk x2  
  107  10:07  Primal Mutalisk, Primal Hydralisk x2  
  107  10:09  Primal Mutalisk  
  113  10:10  Primal Drone  
  114  10:26  Primal Hydralisk x3  
  114  10:27  Primal Mutalisk  
  119  10:43  Primal Wurm  
  120  10:55  Primal Hydralisk  
  120  10:56  Primal Hydralisk x2  
  126  11:09  Primal Hydralisk x3  
  132  11:11  Primal Mutalisk  
  132  11:13  Primal Mutalisk x2  
  129  11:48  Primal Hydralisk x4  
  129  11:49  Primal Hydralisk  
  139  11:51  Primal Mutalisk x2  
  137  12:01  Primal Mutalisk x2  
  137  12:12  Primal Wurm x2  
  137  12:31  Primal Mutalisk x2  
  133  12:51  Primal Attacks Level 2  
  133  12:52  Primal Drone x2  
  133  12:53  Primal Drone x3  
  132  13:16  Primal Wurm  
  135  13:22  Primal Wurm x2  
  135  13:36  Primal Hydralisk  
  135  13:37  Primal Hydralisk x4  
  142  13:53  Primal Hydralisk  
  142  13:54  Primal Hydralisk x2  
  148  14:09  Primal Mutalisk, Primal Hydralisk  
  149  14:10  Primal Mutalisk  
  148  14:22  Primal Mutalisk  
  143  14:52  Primal Mutalisk  
  139  15:15  Primal Hydralisk  
  139  15:16  Primal Hydralisk x5  
  151  15:45  Primal Hydralisk  
  153  16:18  Primal Wurm  
  155  16:20  Primal Wurm  
  155  16:22  Primal Mutalisk  
  155  16:23  Primal Mutalisk x2  
  152  16:30  Primal Drone  
  152  16:31  Primal Drone x4  
  157  16:55  Primal Hydralisk  
  157  16:56  Primal Hydralisk x3  
  157  16:57  Primal Hydralisk x5  
  175  17:27  Primal Drone  
  175  17:28  Primal Drone x7  
  183  17:31  Primal Mutalisk x4  
  183  17:35  Primal Mutalisk  
  174  18:33  Primal Attacks Level 3  
  172  18:51  Primal Hydralisk  
  172  18:52  Primal Hydralisk x6  
  181  19:16  Primal Drone  
  181  19:17  Primal Drone x4  
  181  19:18  Primal Hydralisk  
  181  19:19  Primal Hydralisk x6  
  200  19:20  Primal Mutalisk x2  
  200  19:21  Primal Mutalisk  
  197  20:30  Primal Mutalisk x3  
  197  20:34  Primal Mutalisk  
Show
View Real Time Build Order
Export as new Build Order

펜타네스트 Terran 

Build Orders:  

Get SALT Encoding   

Tags
 
Add a new tag
Caveats
  • Supply blocks, unpowered buildings, or Contaminate may cause inaccurate times.
  • Supply counts are checked every 10 seconds.